 Dungeon Crawl Stone Soup version 0.21.1-1-g345015f (webtiles) character file.

20 toffzen the Insei (level 2, -1/14 HPs)
             Began as a Vine Stalker Transmuter on May 26, 2018.
             Slain by an adder (2 damage)
             ... on level 2 of the Dungeon.
             The game lasted 00:01:53 (1462 turns).

toffzen the Insei (Vine Stalker Transmuter)         Turns: 1462, Time: 00:01:54

Health: -1/14      AC:  2    Str: 12    XL:     2   Next: 79%
Magic:  0/6        EV: 12    Int: 13    God:
Gold:   75         SH:  0    Dex: 14    Spells: 2/5 levels left

rFire    . . .     SeeInvis .     - Unarmed
rCold    . . .     Gourm    .   (no shield)
rNeg     . . .     Faith    .   b - +0 robe
rPois    .         Spirit   +   (no helmet)
rElec    .         Reflect  .   (no cloak)
rCorr    .         Harm     .   (no gloves)
MR       .....                  (no boots)
Stlth    +.........             (no amulet)
HPRegen  0.04/turn              (no ring)
MPRegen  0.10/turn              (no ring)

@: lethally poisoned (-1 -> -5), very slightly contaminated
A: fangs 2, magic shield, antimagic bite, no potion heal 3, rot immunity
a: no special abilities


You were on level 2 of the Dungeon.
You were not hungry.

You visited 1 branch of the dungeon, and saw 2 of its levels.

You collected 75 gold pieces.

Inventory:

Missiles
 a - 42 arrows
 h - 88 stones (quivered)
Armour
 b - a +0 robe (worn)
Jewellery
 j - an uncursed amulet of guardian spirit {unknown}
Scrolls
 g - 3 scrolls of enchant armour {unknown}
 i - 2 scrolls of identify {unknown}
 l - a scroll of teleportation {unknown}
 m - a scroll of magic mapping {unknown}
 o - a scroll of amnesia {unknown}
Potions
 e - a potion of magic {unknown}
 k - a potion of flight {unknown}
 n - a potion of haste {unknown}
Books
 c - a book of Changes

   Spells                             Type                      Level
   a - Beastly Appendage              Transmutation                1
   b - Sticks to Snakes               Transmutation                2
   c - Spider Form                    Transmutation/Poison         3
   d - Ice Form                       Ice/Transmutation            4
   e - Blade Hands                    Transmutation                5
Comestibles
 d - 3 rations
 f - 3 chunks of flesh


   Skills:
 + Level 1.4 Fighting
 - Level 1.5 Dodging
 * Level 3.7 Unarmed Combat
 - Level 2.1 Spellcasting
 - Level 2.0 Transmutations


You had 2 spell levels left.
You knew the following spells:

 Your Spells              Type           Power        Failure   Level  Hunger
a - Beastly Appendage     Tmut           #.....       11%         1    ##.....
b - Sticks to Snakes      Tmut           #.......     17%         2    ###....


Dungeon Overview and Level Annotations

Branches:
Dungeon (2/15)

Altars:


Innate Abilities, Weirdness & Mutations

You have extremely sharp teeth.
When hurt, damage is shared between your health and your magic reserves.
Your bite disrupts and absorbs the magic of your enemies.
Potions cannot restore your health.
You are immune to rotting.


Message History

You feel sick. The adder misses you. The adder closely misses you.
You miss the adder. Your bite misses the adder.
The adder is heavily wounded.
The adder misses you.
You hit the adder.
The adder is severely wounded.
* * * LOW HITPOINT WARNING * * *
You feel sick. The adder completely misses you.
You closely miss the adder.
The adder is severely wounded.
The adder barely misses you.
You closely miss the adder.
The adder is severely wounded.
The adder barely misses you. The adder bites you.
You hit the adder but do no damage. You punch the adder.
Your bite misses the adder.
The adder is severely wounded.
* * * LOW HITPOINT WARNING * * *
You feel sick. The adder bites you.
You die...

#.# ## ##.#..##### #
#.#######.#.##..##### #
#...................# #
#..########.#...###. # #..#
#.#...###.###### ### #..#
######.#.............
..######..###...##.#...####.#.##.
.........................##.#.##.
#.##.####.###...@S.#.....<#.#.##.
#.##.# #)# ##.#####........#.##.
#.##.# #.# #.# #..........##.
#.##.# #.# #.# #.......#.....
#.##.# #.####.#####...<.....###.
#.##.# #...................###..
#.##.# ######.######......[....#
#.# #.# #..#..#.###..
#.######....#.......


You could see an adder.

Vanquished Creatures
  A dart slug (D:1)
  A leopard gecko (D:1)
  3 giant cockroaches
  2 goblins
  A hobgoblin (D:1)
  A quokka (D:2)
  2 bats
  4 kobolds
  3 rats
18 creatures vanquished.

Notes
Turn   | Place    | Note
-------+----------+-------------------------------------------
     0 | D:1      | toffzen the Vine Stalker Transmuter began the quest for the Orb.
     0 | D:1      | Reached XP level 1. HP: 9/9 MP: 4/4
   112 | D:1      | Reached skill level 1 in Fighting
   216 | D:1      | Reached XP level 2. HP: 10/14 MP: 6/6
   222 | D:1      | Learned a level 2 spell: Sticks to Snakes
  1462 | D:2      | Slain by an adder

Skill      XL: |  1 |
---------------+----+-----
Fighting       | 1 |  1.4
Dodging        | |  1.5
Unarmed Combat | |  3.7
Spellcasting   | |  2.1
Transmutations | |  2.0

Action                   || total
-------------------------++-------
Melee: Unarmed           ||    65
       Bite              ||    15
       Kick              ||     3
       Headbutt          ||     1
       Punch             ||     2
 Cast: Beastly Appendage ||     4
 Stab: Sleeping          ||     1
  Eat: Chunk             ||     2
Armor: Robe              ||     9
Dodge: Dodged            ||    42
